Match 46637973
Unlisted

Match 46637973
End
Pioneer Squad
Construct Infanterie Kompanie
Selects Luftwaffe Battlegroup
Grenadier Squad
MG 42 Machine Gun Team
Grenadier Squad
Selects Luftwaffe Pioneer Support
Construct Luftwaffe Kompanie
Selects Stuka Strafing Run
Stuka Strafing Run
221 Scout Car
Flak 30 Anti-aircraft Gun Team
Cpt Darling
Melon121
0
0

Comments sign in to comment!

No comments posted yet!